 Dungeon Crawl Stone Soup version 0.29.0-11-gd7f09526c8 (webtiles) character file.

Game seed: 11964291884124761973

26 blackman the Shield-Bearer (level 2, -1/24 HPs)
             Began as a Demonspawn Fighter on Sept 5, 2022.
             Killed from afar by an orc wizard (3 damage)
             ... with a magic dart
             ... on level 2 of the Dungeon.
             The game lasted 00:02:03 (922 turns).

blackman the Shield-Bearer (Demonspawn Fighter)      Turns: 922, Time: 00:02:04

Health: -1/24      AC:  9    Str: 14 (16) XL:     2   Next: 89%
Magic:  2/2        EV:  5    Int:  7 (9)  God:
Gold:   101        SH:  0    Dex:  9 (12) Spells: 1/1 levels left

rFire   . . .      SeeInvis .   a - +0 war axe
rCold   . . .      Faith    .   i - +0 tower shield
rNeg    . . .      Spirit   .   b - +0 scale mail
rPois   .          Reflect  .   (no helmet)
rElec   .          Harm     .   f - +2 cloak
rCorr   .          Rampage  .   (no gloves)
Will    .....                   (no boots)
Stlth   ..........              (no amulet)
HPRegen 0.08/turn               (no ring)
MPRegen 0.08/turn               (no ring)

@: confused, invisible
A: foul stench 1
a: no special abilities


You were on level 2 of the Dungeon.
You visited 1 branch of the dungeon, and saw 2 of its levels.

You collected 101 gold pieces.

Inventory:

Hand Weapons
 a - a +0 war axe (weapon)
Missiles
 j - 4 poisoned darts (quivered)
Armour
 b - a +0 scale mail (worn)
 c - a +0 buckler
 f - a +2 cloak (worn)
 i - a +0 tower shield (worn)
Scrolls
 e - a scroll of fear {unknown}
 g - 5 scrolls of identify {unknown}
 k - a scroll of enchant weapon {unknown}
 m - a scroll of immolation {unknown}
Potions
 d - a potion of might


   Skills:
 - Level 3.0 Fighting
 + Level 2.7 Axes
 - Level 2.6 Armour
 * Level 3.1 Shields


You had one spell level left.
You didn't know any spells.
Your spell library was empty.

Dungeon Overview and Level Annotations

Branches:
Dungeon (2/15)

Altars:


Innate Abilities, Weirdness & Mutations

You may rarely emit foul miasma when damaged in melee.


Message History

You miss something. You block something's attack.
You hear some strange, mumbled words.
You are confused.
You bump into the rock wall.
Something hits you but does no damage.
You bump into the rock wall.
Something hits you but does no damage.
You bump into the rock wall.
Something hits you.
You closely miss something.
You hear some strange, mumbled words.
You are more confused.
You hear some strange, mumbled words.
You are more confused.
You bump into the rock wall.
You hear some strange, mumbled words.
You are more confused.
You miss something.
You hear some strange, mumbled words.
A magic dart appears from out of thin air!
The magic dart hits you!
* * * LOW HITPOINT WARNING * * *
Something hits you but does no damage.
You completely miss something. Something hits you but does no damage.
It was a potion of degeneration.
There was something very wrong with that liquid.
You feel weakened.
You feel dopey.
You feel clumsy. Something hits you but does no damage.
Okay, then.
Unknown command.
It was a potion of invisibility.
You fade into invisibility!
Something hits you but does no damage.
The orc priest casts a cantrip, but nothing happens.
You are too confused!
You closely miss something.
Something hits you but does no damage. x2
You bump into the rock wall.
Something hits you.
* * * LOW HITPOINT WARNING * * *
You bump into the rock wall.
You hear some strange, mumbled words.
A magic dart appears from out of thin air!
The magic dart hits you.
You die...

#.##...## #.# #..##.# #.# ##
#.#.....####.#####..##.# #.# #.
#............##.....##.# #.# #.
###.....#######.###.##.###.###.
##...## #.# #.##......... ##†##
#.# #............ #.# #.#
########.#### ##.# #####.#
#.#... #..# #>o{@.# #.#.## #.##
#.##### #.#.# #.# #)# #.#.##
#.# #o# #..... #.# #.#
#####..## #.# #.# #...<..# #.#
#.# #.####.# #.# #.. #.# #.#
###.### ##. #.# #.#


You could see an orc (unable to see you).

Vanquished Creatures
  A dart slug (D:2)
  2 orcs (D:2)
  A ball python (D:1)
  2 giant cockroaches
  3 hobgoblins
  A kobold (D:2)
  A quokka (D:2)
  3 bats
  2 frilled lizards
  6 rats
22 creatures vanquished.

Notes
Turn   | Place    | Note
-------+----------+-------------------------------------------
     0 | D:1      | blackman the Demonspawn Fighter began the quest for the
                  | Orb.
     0 | D:1      | Reached XP level 1. HP: 18/18 MP: 1/1
   363 | D:1      | Gained mutation: You may rarely emit foul miasma when
                  | damaged in melee. [demonic ancestry]
   363 | D:1      | Reached XP level 2. HP: 21/24 MP: 2/2
   611 | D:2      | Found a faded altar of an unknown god.
   918 | D:2      | HP: 1/24 [something (1)]
   922 | D:2      | Killed from afar by an orc wizard

Illustrated notes

Levels and vault maps discovered:
D:1:      eino_arrival_tree_alley, layout_rooms
D:2:      layout_loops_ring, ebering_ecumenical_altar_hall

Skill      XL: |  1  2 |
---------------+-------+-----
Axes           | 2 |  2.7
Shields        | 3 |  3.1
Fighting       | |  3.0
Armour         | |  2.6

Action                   || total
-------------------------++-------
Melee: War axe           ||    71
  Use: Potion            ||     2
Armor: Scale mail        ||    51
Dodge: Dodged            ||    23
Block: Buckler           ||     6
       Tower shield      ||    29
